[Event "*** Titled Tuesday Blitz"]
[Site "Chess.com"]
[Date "2020.05.05"]
[Round "7"]
[White "m_ezat"]
[Black "ManuDavid2910"]
[Result "0-1"]
[WhiteElo "2479"]
[BlackElo "2648"]
[TimeControl "180+1"]
[EndTime "11:16:07 PDT"]
[Termination "ManuDavid2910 won by resignation"]

1. d4 Nf6 2. c4 e6 3. Nc3 d5 4. cxd5 exd5 5. Bg5 c5 6. e3 Nc6 7. Bxf6 Qxf6 8. Nxd5 Qd8 9. Bc4 Be6 10. dxc5 Bxc5 11.
Nf3 O-O 12. O-O Na5 13. Rc1 Rc8 14. b3 b5 15. Nd4 bxc4 16. Nxe6 fxe6 17. Nf4 Qxd1 18. Rfxd1 Ba3 19. Rc2 cxb3 20. Rxc8 Rxc8 21. axb3 Nxb3 22. Nxe6 Rc1 0-1

[Event "*** Titled Tuesday Blitz"]
[Site "Chess.com"]
[Date "2020.05.05"]
[Round "7"]
[White "FedaMaster"]
[Black "SamuelGhimpu2003"]
[Result "0-1"]
[WhiteElo "2531"]
[BlackElo "2686"]
[TimeControl "180+1"]
[EndTime "11:16:08 PDT"]
[Termination "SamuelGhimpu2003 won by resignation"]

1. e4 e6 2. d4 d5 3. Bd3 dxe4 4. Bxe4 Nf6 5. Bf3 c5 6. Ne2 Nc6 7. Be3 Nd5 8. Bxd5 Qxd5 9. Nbc3 Qxg2 10. Rg1 Qxh2 11. Bf4 Qh5 12. Nb5 f6 13. Nc7+ Kf7 14. Nxa8 cxd4 15. Nxd4 Qxd1+ 16. Rxd1 Nxd4 17. Rxd4 e5 18.
Rc4 exf4 19. Nc7 Bd6 20. Nb5 Bb8 21. Rd4 h5 22. Nd6+ Bxd6 23. Rxd6 g5 24. f3 g4 25. Kf2 g3+ 26. Kg2 h4 27. Rh1 h3+ 0-1

[Event "*** Titled Tuesday Blitz"]
[Site "Chess.com"]
[Date "2020.05.05"]
[Round "7"]
[White "mjray79"]
[Black "plumalka"]
[Result "0-1"]
[WhiteElo "2251"]
[BlackElo "2445"]
[TimeControl "180+1"]
[EndTime "11:16:08 PDT"]
[Termination "plumalka won by checkmate"]

1. d4 Nf6 2. c4 c5 3. d5 b5 4. Nf3 e6 5. dxe6 fxe6 6. cxb5 d5 7. Bg5 Bd6 8. Nc3 O-O 9. e4 d4 10. Na4 Qa5+ 11. Bd2 Qc7 12. Rc1 Nxe4 13. Bd3 Nxd2 14. Qxd2 Bf4 15. Qc2 Bxc1 16. Qxc1 Qa5+ 17. Nd2 Qxa4 18.
Qxc5 Bb7 19. Qh5 h6 20. Qg6 Nd7 21. Qxe6+ Kh8 22. Qxd7 Rae8+ 23. Kf1 Qd1# 0-1

[Event "*** Titled Tuesday Blitz"]
[Site "Chess.com"]
[Date "2020.05.05"]
[Round "7"]
[White "Ariadna_Atreides"]
[Black "WinstonSilvakov"]
[Result "1-0"]
[WhiteElo "2002"]
[BlackElo "2168"]
[TimeControl "180+1"]
[EndTime "11:16:08 PDT"]
[Termination "Ariadna_Atreides won by resignation"]

1. d4 Nf6 2. Nf3 c5 3. e3 cxd4 4. exd4 g6 5. Be2 Bg7 6. O-O d6 7. c3 O-O 8. Bf4 Nc6 9. h3 Qb6 10. Qb3 Be6 11. Qxb6 axb6 12. a3 Rfe8 13. Nbd2 Nd5 14.
Bh2 Rad8 15. c4 Nc7 16. d5 Nxd5 17. cxd5 Bxd5 18. Rab1 Ba2 19. Ra1 Bd5 20. Bc4 Bxc4 21. Nxc4 b5 22. Ne3 Bxb2 23. Rab1 Bxa3 24. Rxb5 Rd7 25.
Rfb1 Rb8 26. Nc4 Bc5 27. Kf1 e5 28. Nfxe5 1-0

[Event "*** Titled Tuesday Blitz"]
[Site "Chess.com"]
[Date "2020.05.05"]
[Round "7"]
[White "Barbus89"]
[Black "Nostradamus123"]
[Result "0-1"]
[WhiteElo "2348"]
[BlackElo "2499"]
[TimeControl "180+1"]
[EndTime "11:16:10 PDT"]
[Termination "Nostradamus123 won by checkmate"]

1. d4 d5 2. c4 c6 3. cxd5 cxd5 4. Nc3 Nf6 5. Bf4 Nc6 6. Nf3 Bf5 7. e3 e6 8. Qb3 Bb4 9. Bb5 O-O 10. Bxc6 Bxc3+ 11. Qxc3 Rc8 12. Ne5 Ng4 13. Nxg4 Bxg4 14. O-O Rxc6 15. Qa3 Qb6 16. f3 Bf5 17. Rfc1 Rfc8 18. b3 a6 19. Kf2 Rc2+ 20. Kg3 e5 21. Bxe5 Qg6+ 22. Kf4 f6 23. g4 fxe5+ 24. dxe5 Qh6+ 25. Kg3 Qxh2# 0-1

[Event "*** Titled Tuesday Blitz"]
[Site "Chess.com"]
[Date "2020.05.05"]
[Round "7"]
[White "SaqoChess_Twitch"]
[Black "mfwagnerpeixoto"]
[Result "1-0"]
[WhiteElo "2408"]
[BlackElo "2206"]
[TimeControl "180+1"]
[EndTime "11:16:11 PDT"]
[Termination "SaqoChess_Twitch won by resignation"]

1. d4 Nf6 2. c4 g6 3. Nc3 Bg7 4. Nf3 d6 5. Bf4 O-O 6. h3 Na6 7. e3 c5 8. d5 Nc7 9. Be2 a6 10. a4 b6 11. Rb1 Bf5 12. Bd3 Bxd3 13. Qxd3 a5 14. O-O Na6 15. b3 Nb4 16. Qd2 Nh5 17. Bh2 Nf6 18. Rfe1 Re8 19. Nb5 Ne4 20. Qe2 Nc3 21. Nxc3 Bxc3 22. Red1 Bg7 23. Ne1 e5 24. dxe6 Rxe6 25. Qf3 Rc8 26. Nd3 Nxd3 27. Rxd3 Qe7 28. Rbd1 Rd8 29. Bg3 Be5 30. Bxe5 Rxe5 31. Qc6 Re6 32. Qxb6 d5 33. Qxa5 d4 34. exd4 Rxd4 35.
Rxd4 cxd4 36. Rxd4 Re1+ 37. Kh2 Qe5+ 38. Qxe5 1-0

[Event "*** Titled Tuesday Blitz"]
[Site "Chess.com"]
[Date "2020.05.05"]
[Round "7"]
[White "Anna_ChessMate"]
[Black "Oligan22"]
[Result "0-1"]
[WhiteElo "2499"]
[BlackElo "2373"]
[TimeControl "180+1"]
[EndTime "11:16:12 PDT"]
[Termination "Oligan22 won by resignation"]

1. d4 d5 2. c4 dxc4 3. Nf3 a6 4. e3 b5 5. Be2 Bb7 6. O-O Nd7 7. b3 cxb3 8. Qxb3 e6 9. a4 b4 10. a5 Bd5 11. Qb2 Ngf6 12. Nbd2 c5 13. dxc5 Bxc5 14. Nb3 Be7 15. Nbd4 O-O 16. Bd2 Qb8 17. Rfc1 Qb7 18. Ne1 Ne4 19. f3 Nxd2 20. Qxd2 f5 21. Bc4 Bf6 22.
Nxe6 Bxc4 23. Nxf8 Nxf8 24. Rxc4 Bxa1 25. Rxb4 Qf7 26.
Nd3 Rc8 27. Rb6 Qc4 28. h3 Rd8 0-1

[Event "*** Titled Tuesday Blitz"]
[Site "Chess.com"]
[Date "2020.05.05"]
[Round "7"]
[White "Gubajdullin"]
[Black "HarutyunianTigranK"]
[Result "1-0"]
[WhiteElo "2561"]
[BlackElo "2699"]
[TimeControl "180+1"]
[EndTime "11:16:14 PDT"]
[Termination "Gubajdullin won by resignation"]

1. d4 Nf6 2. Bf4 g6 3. e3 Bg7 4. Nf3 O-O 5. Be2 d6 6. O-O Nc6 7. h3 e5 8. Bh2 Qe7 9. c3 Ne4 10. a4 a5 11. Na3 f5 12. Re1 Kh8 13. Nb5 g5 14. Nd2 Nxd2 15. Qxd2 g4 16. hxg4 fxg4 17. Rf1 Bf5 18. e4 Bxe4 19. Bxg4 Rg8 20. f3 Bf6 21. Rae1 Bd5 22. dxe5 Bxe5 23. Qxd5 Qg5 24. Nxc7 Rac8 25. Bxe5+ Nxe5 26. Qxd6 Nxg4 27. fxg4 Qxg4 28. Qf6+ Rg7 29. Rf2 Qg3 30. Re8+ Rxe8 31. Nxe8 1-0

[Event "*** Titled Tuesday Blitz"]
[Site "Chess.com"]
[Date "2020.05.05"]
[Round "7"]
[White "IsikCan"]
[Black "Gyapiking"]
[Result "0-1"]
[WhiteElo "2607"]
[BlackElo "2478"]
[TimeControl "180+1"]
[EndTime "11:16:17 PDT"]
[Termination "Gyapiking won by resignation"]

1. e4 Nc6 2. d4 d5 3. e5 Bf5 4.
Nf3 e6 5. Bd3 Bxd3 6. Qxd3 Nge7 7. c3 Nf5 8. b4 h5 9. a4 Be7 10.
a5 a6 11. h3 Qd7 12. Na3 Na7 13. Nc2 Nb5 14. Bd2 Qc6 15. Ke2 h4 16. Rag1 O-O-O 17.
g4 hxg3 18. fxg3 Qe8 19. g4 Nh4 20. Nxh4 Rxh4 21. Be1 Rh8 22. h4 f6 23. exf6 Bxf6 24.
g5 Be7 25. Ne3 Kb8 26. Ng4 Bd6 27. Kd1 Na3 28. Bg3 Qa4+ 29. Ke2 Nc4 30. Ra1 Qe8 31. Bxd6 cxd6 32. g6 e5 33. dxe5 dxe5 34. h5 Qe6 35. b5 Qxg4+ 0-1

[Event "*** Titled Tuesday Blitz"]
[Site "Chess.com"]
[Date "2020.05.05"]
[Round "7"]
[White "Shivagami"]
[Black "Saloni1299"]
[Result "0-1"]
[WhiteElo "2151"]
[BlackElo "2339"]
[TimeControl "180+1"]
[EndTime "11:16:18 PDT"]
[Termination "Saloni1299 won by resignation"]

1. d4 Nf6 2. Bf4 d6 3. e3 g6 4.
Nf3 Bg7 5. Be2 O-O 6. O-O Nh5 7. Bg5 h6 8. Bh4 g5 9. Nfd2 Nf6 10. Bg3 c5 11. c3 Nc6 12. Na3 e5 13. dxe5 dxe5 14. Nac4 Qe7 15. Nf3 Ne4 16. Qc2 Nxg3 17. hxg3 b5 18. Ncd2 a6 19. a4 b4 20. Qe4 Bb7 21. Bd3 f5 22. Qd5+ Kh8 23. e4 Rad8 24. Qc4 Na5 25. Qa2 Rxd3 26. cxb4 cxb4 0-1

[Event "*** Titled Tuesday Blitz"]
[Site "Chess.com"]
[Date "2020.05.05"]
[Round "7"]
[White "gui_borba"]
[Black "Zhani-Z"]
[Result "0-1"]
[WhiteElo "2363"]
[BlackElo "2511"]
[TimeControl "180+1"]
[EndTime "11:16:23 PDT"]
[Termination "Zhani-Z won by resignation"]

1. d4 e6 2. e4 d5 3. e5 c5 4. c3 Nc6 5. Nf3 Qb6 6. a3 Nh6 7.
b4 cxd4 8. b5 Na5 9. Bxh6 gxh6 10.
cxd4 Bg7 11. Nbd2 O-O 12. Bd3 Bd7 13. O-O f6 14. exf6 Bxf6 15. Re1 Bxd4 16. Nxd4 Qxd4 17. Nf3 Qf6 18. Qc2 Rac8 19. Bxh7+ Kh8 20. Qb1 Qg7 21. Bd3 Rxf3 22. Bf1 Rcf8 23. Ra2 R3f6 24. Qb4 b6 25. Rc2 Nb7 26. Rc7 Nc5 27. Qh4 Rxf2 28. Qxf2 Rxf2 29.
Kxf2 Ne4+ 30. Kg1 Qd4+ 0-1

[Event "*** Titled Tuesday Blitz"]
[Site "Chess.com"]
[Date "2020.05.05"]
[Round "7"]
[White "Mikhail_Biryukov"]
[Black "ChessTraining77"]
[Result "1/2-1/2"]
[WhiteElo "2690"]
[BlackElo "2549"]
[TimeControl "180+1"]
[EndTime "11:16:24 PDT"]
[Termination "Game drawn by repetition"]

1. e4 e5 2. Nf3 Nc6 3. d4 exd4 4. Nxd4 Bc5 5. Nb3 Bb6 6. Nc3 Nge7 7. Bd3 d6 8. O-O O-O 9. Na4 Be6 10. Nxb6 axb6 11.
Be3 Qd7 12. f4 f5 13. Nd4 Nxd4 14. Bxd4 fxe4 15. Bxe4 Rae8 16. Qd3 Bf5 17. Rae1 Bxe4 18. Rxe4 Nf5 19. Bc3 Rxe4 20. Qxe4 d5 21. Qd3 d4 22.
Rd1 c5 23. Be1 Qe6 24. Bf2 Ne3 25. Re1 Rxf4 26. Bxe3 Re4 27. Kf2 Qf5+ 28. Kg1 Qe5 29.
Kf2 Qf5+ 30. Kg1 Qe5 31. Kf2 Qf5+ 1/2-1/2

[Event "*** Titled Tuesday Blitz"]
[Site "Chess.com"]
[Date "2020.05.05"]
[Round "7"]
[White "HaryKane"]
[Black "Caterpiller35"]
[Result "0-1"]
[WhiteElo "2572"]
[BlackElo "2303"]
[TimeControl "180+1"]
[EndTime "11:16:25 PDT"]
[Termination "Caterpiller35 won by resignation"]

1. e4 c5 2. Nf3 Nc6 3. Bb5 g6 4. Bxc6 bxc6 5. O-O Bg7 6. Re1 Nh6 7. c3 O-O 8. d4 cxd4 9. cxd4 d6 10. Nc3 Rb8 11. b3 c5 12. Bb2 cxd4 13. Nxd4 Bb7 14. Nd5 e6 15. Nc3 Qh4 16. Nf3 Qh5 17. Qxd6 Rfd8 18. Qg3 Rbc8 19. Rac1 Ng4 20. Na4 Rxc1 21. Bxc1 Ne5 22. Nxe5 Bxe5 23. Bf4 Qd1 24. Kf1 Ba6+ 0-1

[Event "*** Titled Tuesday Blitz"]
[Site "Chess.com"]
[Date "2020.05.05"]
[Round "7"]
[White "DenLaz"]
[Black "TengisChess"]
[Result "1/2-1/2"]
[WhiteElo "2678"]
[BlackElo "2541"]
[TimeControl "180+1"]
[EndTime "11:16:26 PDT"]
[Termination "Game drawn by repetition"]

1. d4 Nf6 2. c4 g6 3. g3 Bg7 4. Bg2 O-O 5. Nc3 d6 6. Nf3 c5 7.
d5 Na6 8. O-O Nc7 9. h3 a6 10.
a4 Rb8 11. a5 b5 12. axb6 Rxb6 13. e4 Nd7 14. Qc2 Ne5 15. Nxe5 Bxe5 16. Be3 Bd7 17. f4 Bg7 18. e5 Qb8 19. Ra2 Qb7 20. Kh2 Rb8 21. Rf2 Rb4 22. Ne4 Bf5 23. g4 Bxe4 24. Bxe4 Rb3 25. Re2 Qb6 26. e6 fxe6 27. dxe6 Rxb2 28. Rxb2 Qxb2 29. Qxb2 Rxb2 30. Rxb2 Bxb2 31.
f5 gxf5 32. gxf5 Bf6 33. Kg3 Kg7 34. Kg4 h6 35. Kh5 Bg5 36. Bxg5 hxg5 37. Kxg5 Ne8 38. Bc6 Nf6 39. h4 Nh7+ 40. Kf4 a5 41. Be8 Nf6 42. Bc6 Kh6 43. Kg3 Kh5 44. Kh3 Kh6 45. Kg3 Kg7 46.
Kf4 Nh5+ 47. Kg5 Nf6 48. Kf4 1/2-1/2

[Event "*** Titled Tuesday Blitz"]
[Site "Chess.com"]
[Date "2020.05.05"]
[Round "7"]
[White "WoolworthsManly"]
[Black "MisiekZielony"]
[Result "1-0"]
[WhiteElo "2645"]
[BlackElo "2163"]
[TimeControl "180+1"]
[EndTime "11:16:26 PDT"]
[Termination "WoolworthsManly won by resignation"]

1. e4 Nf6 2. e5 Nd5 3. d4 d6 4.
c4 Nb6 5. exd6 exd6 6. Nc3 Be7 7. Bd3 O-O 8. Nge2 Nc6 9. b3 Bf6 10. Be3 Re8 11. O-O Bg4 12. Qd2 d5 13. c5 Bxe2 14.
Nxe2 Nc8 15. b4 N6e7 16. b5 c6 17. a4 Qd7 18. Rab1 Nf5 19. Bxf5 Qxf5 20. bxc6 bxc6 21.
Rb7 Ne7 22. Rfb1 g6 23. h3 h5 24. a5 Qc8 25. a6 Nf5 26. Bf4 Re4 27. Rb8 Rxb8 28. Rxb8 Qxb8 29. Bxb8 1-0

[Event "*** Titled Tuesday Blitz"]
[Site "Chess.com"]
[Date "2020.05.05"]
[Round "7"]
[White "Susal_De_Silva"]
[Black "IsaacWiebe"]
[Result "1-0"]
[WhiteElo "2247"]
[BlackElo "2134"]
[TimeControl "180+1"]
[EndTime "11:16:26 PDT"]
[Termination "Susal_De_Silva won by resignation"]

1. e4 e6 2. d4 d5 3. Nc3 Bb4 4. e5 c5 5. a3 Bxc3+ 6. bxc3 Ne7 7.
Qg4 Qc7 8. Qxg7 Rg8 9. Qxh7 cxd4 10. Ne2 Nbc6 11. Qd3 dxc3 12. Bf4 Nf5 13. Qxc3 Bd7 14. h3 Rc8 15. g4 Nfe7 16. Bh2 Qb6 17. Bg2 Na5 18.
Qb4 Rxc2 19. Qxb6 axb6 20. Ng3 Nc4 21. Nh5 Rg7 22. Nxg7+ 1-0

[Event "*** Titled Tuesday Blitz"]
[Site "Chess.com"]
[Date "2020.05.05"]
[Round "7"]
[White "Wolverine_master"]
[Black "CalinGheorghiu"]
[Result "1-0"]
[WhiteElo "2223"]
[BlackElo "2372"]
[TimeControl "180+1"]
[EndTime "11:16:31 PDT"]
[Termination "Wolverine_master won by resignation"]

1. e4 c5 2. Nf3 d6 3. d4 cxd4 4. Nxd4 Nf6 5. Nc3 a6 6. Be2 e5 7. Nb3 Be7 8. O-O Be6 9. Be3 O-O 10. a4 Nbd7 11. Kh1 Qc7 12. f3 Nc5 13. Nxc5 dxc5 14. Nd5 Bxd5 15. exd5 c4 16. a5 Bc5 17. Bxc5 Qxc5 18. Ra4 Qxd5 19. Qxd5 Nxd5 20. Bxc4 Ne3 21. Rc1 Rfd8 22. Bd3 Rac8 23. Ra3 Nxc2 24. Rxc2 Rxc2 25. Bxc2 Rd2 26. Rc3 f5 27. h3 g6 28. Rc7 h5 29.
b4 h4 30. Bb3+ Kh8 31. Rxb7 e4 32. fxe4 fxe4 33. Re7 Rd4 34. b5 Rb4 35. bxa6 Rxb3 36. a7 1-0

[Event "*** Titled Tuesday Blitz"]
[Site "Chess.com"]
[Date "2020.05.05"]
[Round "7"]
[White "j2806"]
[Black "maxsergej"]
[Result "0-1"]
[WhiteElo "1984"]
[BlackElo "2121"]
[TimeControl "180+1"]
[EndTime "11:16:32 PDT"]
[Termination "maxsergej won by resignation"]

1. e4 c5 2. Nf3 Nc6 3. d4 cxd4 4. Nxd4 g6 5. Nc3 Bg7 6. Be3 Nf6 7. Bc4 O-O 8. Bb3 a5 9. f3 d5 10. exd5 Nb4 11. Nde2 a4 12. Bxa4 Nfxd5 13. Nxd5 Nxd5 14. Bd4 Rxa4 15. Bxg7 Kxg7 16. O-O Qb6+ 17. Kh1 Ne3 18. Qd3 Nxf1 19. Rxf1 e5 20. b3 Ra8 21.
a4 Bf5 22. Qc3 f6 23. Ng3 Be6 24. Qd3 Rfd8 25. Qe2 Qd4 26. Ne4 Bf5 27. Re1 Bxe4 28. fxe4 Rac8 0-1

[Event "*** Titled Tuesday Blitz"]
[Site "Chess.com"]
[Date "2020.05.05"]
[Round "7"]
[White "vanyakuba"]
[Black "martabartel"]
[Result "1-0"]
[WhiteElo "2439"]
[BlackElo "2288"]
[TimeControl "180+1"]
[EndTime "11:16:34 PDT"]
[Termination "vanyakuba won by resignation"]

1. e4 c5 2. c3 g6 3. d4 cxd4 4.
cxd4 d5 5. exd5 Nf6 6. Nc3 Bg7 7. Qb3 O-O 8. g3 Na6 9. Bg2 Nc7 10. Nge2 Rb8 11. a4 b6 12. O-O Bb7 13. Bf4 Rc8 14.
d6 Bxg2 15. dxc7 Qd7 16. Kxg2 h5 17. Qb5 Qe6 18. d5 Qf5 19. d6 Qe6 20. Nd4 Qg4 1-0

[Event "*** Titled Tuesday Blitz"]
[Site "Chess.com"]
[Date "2020.05.05"]
[Round "7"]
[White "Philosopherrr"]
[Black "bancsoo"]
[Result "0-1"]
[WhiteElo "2500"]
[BlackElo "2737"]
[TimeControl "180+1"]
[EndTime "11:16:35 PDT"]
[Termination "bancsoo won by resignation"]

1. Nf3 d5 2. b3 Bg4 3. Ne5 Bf5 4.
Bb2 e6 5. e3 Nd7 6. Nxd7 Qxd7 7. Be2 c6 8. O-O Nf6 9. d3 h6 10. Nd2 Be7 11. Bf3 Bh7 12. e4 O-O 13. Qe2 a5 14. a3 Rfd8 15. Rfe1 Bc5 16. e5 Ne8 17.
Nf1 Nc7 18. a4 Bb4 19. c3 Be7 20. d4 b5 21. Ne3 Rdb8 22. axb5 Rxb5 23. Qd1 Rab8 24.
Ba3 Rxb3 25. Bxe7 Qxe7 26. Rxa5 Rxc3 27. Qa1 Rcb3 28. Rc5 Rb1 29. Qa5 Rxe1+ 30. Qxe1 Rb1 31. Rc1 Rxc1 32. Qxc1 Nb5 33. Qb2 Qa7 0-1

[Event "*** Titled Tuesday Blitz"]
[Site "Chess.com"]
[Date "2020.05.05"]
[Round "7"]
[White "Spring199"]
[Black "Mikhail_Golubev"]
[Result "0-1"]
[WhiteElo "2365"]
[BlackElo "2520"]
[TimeControl "180+1"]
[EndTime "11:16:36 PDT"]
[Termination "Mikhail_Golubev won by resignation"]

1. d4 Nf6 2. Nf3 d6 3. e3 g6 4. Bd3 Bg7 5. O-O O-O 6. b3 e5 7. Nbd2 Re8 8. dxe5 dxe5 9. e4 Nc6 10. Bb2 b6 11.
Bb5 Bb7 12. Bxc6 Bxc6 13. Nxe5 Bxe4 14. Re1 Bb7 15. Ndc4 Qd5 16. Qxd5 Nxd5 17. g3 Nb4 18. Ne3 Bxe5 19. Bxe5 Rxe5 20. Re2 Nd5 21. Rae1 Rae8 22. Kg2 0-1

[Event "*** Titled Tuesday Blitz"]
[Site "Chess.com"]
[Date "2020.05.05"]
[Round "7"]
[White "RitvarsReimanis"]
[Black "VincentKeymer"]
[Result "0-1"]
[WhiteElo "2548"]
[BlackElo "2716"]
[TimeControl "180+1"]
[EndTime "11:16:38 PDT"]
[Termination "VincentKeymer won by checkmate"]

1. d4 Nf6 2. c4 e6 3. Nf3 d5 4. Nc3 dxc4 5. e3 a6 6. Bxc4 b5 7. Be2 Bb7 8. O-O Nbd7 9. Bd2 Bd6 10. Rc1 O-O 11. Qc2 Rc8 12. e4 b4 13. e5 bxc3 14.
Bxc3 c5 15. Ng5 cxd4 16. exf6 Nxf6 17. Qb3 Bd5 18. Qa4 dxc3 19. bxc3 h6 20. Nf3 Qd7 21. Qxa6 Ra8 22. Qb6 Rxa2 23. Bb5 Qb7 24. Qxd6 Bxf3 25. Bc4 Ra4 26. Bxe6 Bxg2 27. Rb1 Qc6 28. Qxc6 Bxc6 29. Bb3 Rg4# 0-1

[Event "*** Titled Tuesday Blitz"]
[Site "Chess.com"]
[Date "2020.05.05"]
[Round "7"]
[White "Colombiano07"]
[Black "Manukyan_Artak"]
[Result "1-0"]
[WhiteElo "2182"]
[BlackElo "2332"]
[TimeControl "180+1"]
[EndTime "11:16:40 PDT"]
[Termination "Colombiano07 won by resignation"]

1. d4 Nf6 2. Nf3 d5 3. e3 Bg4 4.
Bd3 e6 5. Nbd2 c5 6. h3 Bh5 7. b3 Nc6 8. Bb2 cxd4 9. exd4 Bd6 10. O-O O-O 11. a3 Rc8 12. Qe2 Bb8 13. Rfe1 a6 14.
Qe3 Bg6 15. Ne5 Nxe5 16. dxe5 Nd7 17. Nf3 Bxd3 18. cxd3 Nc5 19. b4 Na4 20. Bd4 b5 21. Rac1 Qd7 22. Rxc8 Rxc8 23. Rc1 h6 24. Bc5 Rc6 25. Nd4 Rc7 26. Nb3 Qc8 27. d4 Nb2 28. Qg3 Nc4 29. Rf1 Ba7 30. Bxa7 Rxa7 31. Nc5 Nxa3 32.
Qxa3 a5 33. bxa5 Qc6 34. a6 Qb6 35. Rb1 g5 36. Qb4 Qd8 37. Qxb5 f6 38. Qb8 1-0

[Event "*** Titled Tuesday Blitz"]
[Site "Chess.com"]
[Date "2020.05.05"]
[Round "7"]
[White "narutosmith"]
[Black "Alliswell998"]
[Result "0-1"]
[WhiteElo "2265"]
[BlackElo "2489"]
[TimeControl "180+1"]
[EndTime "11:16:44 PDT"]
[Termination "Alliswell998 won on time"]

1. c4 c5 2. Nc3 g6 3. g3 Bg7 4.
Bg2 d6 5. a3 Nf6 6. b4 h5 7. h3 Nc6 8. Rb1 Bd7 9. bxc5 dxc5 10.
Rxb7 O-O 11. Nf3 h4 12. Nxh4 e5 13. d3 Nd4 14. Bg5 Qc8 15. e3 Bc6 16. Rb2 Bxg2 17. Nxg2 Qc6 18. Kf1 Nf3 19. Bxf6 Bxf6 20. Ne4 Ng5 21.
Nxf6+ Qxf6 22. Ne1 e4 23. Rb5 Rab8 24. Rxc5 Rb2 25.
Rh2 Rfb8 26. h4 Nf3 27. Nxf3 exf3 28. Rb5 R8xb5 29. cxb5 Rxb5 30. Qc1 Rb2 31. d4 Qb6 32. Qc8+ Kg7 0-1

[Event "*** Titled Tuesday Blitz"]
[Site "Chess.com"]
[Date "2020.05.05"]
[Round "7"]
[White "Kislov_Oleg"]
[Black "kinga2008"]
[Result "1-0"]
[WhiteElo "2323"]
[BlackElo "2108"]
[TimeControl "180+1"]
[EndTime "11:16:45 PDT"]
[Termination "Kislov_Oleg won by resignation"]

1. e4 c5 2. Nf3 d6 3. c3 Nc6 4.
d4 cxd4 5. cxd4 Bg4 6. d5 Bxf3 7. Qxf3 Ne5 8. Qb3 b6 9. Bb5+ Nd7 10. Nc3 Nf6 11.
Bg5 h6 12. Bxf6 exf6 13. Ne2 Be7 14. Nd4 O-O 15. Nc6 Nc5 16. Nxd8 Nxb3 17. Nc6 Nxa1 18. Nxe7+ Kh7 19. Kd2 a6 20. Bc6 Ra7 21. Nf5 Rd8 22.
Rxa1 g6 23. Nd4 Re7 24. f3 Re5 25.
Bb7 f5 26. Nc6 Rde8 27. Nxe5 Rxe5 28. Kd3 fxe4+ 29. fxe4 f5 30. Re1 Kg7 31. Bxa6 fxe4+ 32. Rxe4 Rxd5+ 33. Rd4 Ra5 34. Bc4 b5 35. Bb3 Ra6 36.
Rb4 Rb6 37. a4 1-0

[Event "*** Titled Tuesday Blitz"]
[Site "Chess.com"]
[Date "2020.05.05"]
[Round "7"]
[White "Leo_C"]
[Black "Gromes7"]
[Result "1/2-1/2"]
[WhiteElo "2259"]
[BlackElo "2103"]
[TimeControl "180+1"]
[EndTime "11:16:47 PDT"]
[Termination "Game drawn by repetition"]

1. d4 Nf6 2. c4 e5 3. dxe5 Ng4 4. Nf3 Bc5 5. e3 Nc6 6. a3 a5 7. Nc3 Ngxe5 8. Nxe5 Nxe5 9. b3 O-O 10. Be2 Re8 11.
O-O Ra6 12. Ne4 Ba7 13. Ng3 Rg6 14. Bh5 Rd6 15. Qc2 Qh4 16. Bb2 Rh6 17. h3 Rxh5 18.
Nxh5 Qxh5 19. c5 d6 20. cxd6 cxd6 21. Qc3 Bxh3 22. f4 Bxg2 23. Kxg2 Qg4+ 24. Kh2 Qh4+ 25.
Kg2 Qg4+ 26. Kh2 Qh4+ 27. Kg2 Qg4+ 1/2-1/2

[Event "*** Titled Tuesday Blitz"]
[Site "Chess.com"]
[Date "2020.05.05"]
[Round "7"]
[White "Leonid_Starozhilov"]
[Black "Pomegranate988"]
[Result "1-0"]
[WhiteElo "2648"]
[BlackElo "2480"]
[TimeControl "180+1"]
[EndTime "11:16:48 PDT"]
[Termination "Leonid_Starozhilov won by resignation"]

1. b3 d5 2. Bb2 Bg4 3. h3 Bh5 4. d3 c5 5. Nd2 Nc6 6. Ngf3 Nf6 7.
e3 e6 8. g4 Bg6 9. Bg2 Bd6 10.
Nh4 O-O 11. Nxg6 fxg6 12. a3 Qc7 13. O-O g5 14. c4 Rad8 15. cxd5 exd5 16. Nf3 h6 17. Rc1 b6 18. b4 Qe7 19. bxc5 bxc5 20. Qb3 Rb8 21. Qa2 Qf7 22. Bxf6 gxf6 23. Nxg5 Qe7 24.
Qxd5+ Kh8 25. Ne4 1-0

[Event "*** Titled Tuesday Blitz"]
[Site "Chess.com"]
[Date "2020.05.05"]
[Round "7"]
[White "ItsCheckM8Mate"]
[Black "lucasmito"]
[Result "0-1"]
[WhiteElo "2268"]
[BlackElo "2428"]
[TimeControl "180+1"]
[EndTime "11:16:48 PDT"]
[Termination "lucasmito won by resignation"]

1. e4 e5 2. Nf3 Nc6 3. Bb5 f5 4. Nc3 fxe4 5. Nxe4 d5 6. Nxe5 dxe4 7. Qh5+ g6 8. Nxg6 hxg6 9. Qxh8 Be6 10. O-O Qd5 11. c4 Qd6 12. Qh4 Ne7 13. Qxe4 O-O-O 14. d4 Nxd4 15. Bf4 Qxf4 16. Qxf4 Ne2+ 17. Kh1 Nxf4 18.
Rfe1 Bf5 19. c5 a6 20. Bc4 Bd7 21. g3 Bc6+ 22. Kg1 Nd3 23. Re2 Nxc5 24. Rae1 Nf5 25. h4 Nd4 0-1

[Event "*** Titled Tuesday Blitz"]
[Site "Chess.com"]
[Date "2020.05.05"]
[Round "7"]
[White "pgradalski"]
[Black "Xeslu"]
[Result "0-1"]
[WhiteElo "2202"]
[BlackElo "2367"]
[TimeControl "180+1"]
[EndTime "11:16:50 PDT"]
[Termination "Xeslu won by resignation"]

1. e4 c5 2. c3 d5 3. exd5 Qxd5 4. d4 g6 5. Nf3 Bg7 6. Be2 cxd4 7. cxd4 Nf6 8. Nc3 Qd8 9. Be3 O-O 10. O-O Nbd7 11. Rc1 Nb6 12. Ne5 Nfd5 13. Nxd5 Nxd5 14. Qb3 Be6 15. Qxb7 Nxe3 16. fxe3 Bxe5 17. dxe5 Rb8 18. Qxa7 Rxb2 19. Bc4 Bxc4 20. Rxc4 Qd5 21. Rg4 Rxa2 22. Qd4 Qe6 23. Rgf4 Ra5 24. e4 Rxe5 25. h3 f6 26. Qb4 Rc8 27. Ra1 Rc4 28. Qb8+ Rc8 29.
Qb4 Qc4 30. Qxc4+ Rxc4 31. Re1 g5 32. Rf5 Rcxe4 33. Rd1 Rxf5 0-1

[Event "*** Titled Tuesday Blitz"]
[Site "Chess.com"]
[Date "2020.05.05"]
[Round "7"]
[White "TheoSlade"]
[Black "Larina_Marija"]
[Result "1-0"]
[WhiteElo "2265"]
[BlackElo "2141"]
[TimeControl "180+1"]
[EndTime "11:16:50 PDT"]
[Termination "TheoSlade won by resignation"]

1. d4 f5 2. g3 Nf6 3. Bg2 g6 4. Nf3 Bg7 5. O-O O-O 6. c4 d6 7.
Nc3 Nc6 8. d5 Na5 9. Qd3 e5 10.
dxe6 Bxe6 11. b3 Ne4 12. Bb2 Nc6 13. Rad1 Nb4 14. Qe3 Nxa2 15. Nxe4 Bxb2 16. Neg5 Bd7 17. Qd2 Qf6 18. Rb1 Bc3 19. Qxa2 h6 20. Nh3 g5 21.
Nd2 c6 22. Qc2 f4 23. Ne4 Qf5 24. Qxc3 1-0

[Event "*** Titled Tuesday Blitz"]
[Site "Chess.com"]
[Date "2020.05.05"]
[Round "7"]
[White "Gurvich_Vitaly"]
[Black "grunbergmihai"]
[Result "1-0"]
[WhiteElo "2547"]
[BlackElo "2387"]
[TimeControl "180+1"]
[EndTime "11:17:00 PDT"]
[Termination "Gurvich_Vitaly won by resignation"]

1. e4 Nf6 2. e5 Nd5 3. d4 d6 4.
Nf3 dxe5 5. Nxe5 c6 6. Bd3 Nd7 7.
Nxd7 Qxd7 8. O-O Qg4 9. Qxg4 Bxg4 10. c3 e6 11. Re1 Be7 12. Nd2 O-O 13. a4 a5 14. Nc4 Bh5 15. Ne5 Rfd8 16. g3 c5 17.
Be3 cxd4 18. Bxd4 Nb4 19. Be4 Nd5 20. Nc4 Bf6 21. Bxf6 gxf6 22. f4 Bg6 23. Bxd5 exd5 24. Ne3 Be4 25. Rad1 Rab8 26. Ng4 Kg7 27. Kf2 b5 28.
axb5 Rxb5 29. Rxe4 f5 30. Re2 fxg4 31. Rd4 Rdb8 32.
Rdd2 a4 33. Ke3 a3 34. bxa3 Rb3 35. Kd4 Rxa3 36. Rc2 Rc8 37. Re3 Ra5 38. Re5 Rcc5 39. c4 f6 40. Rxd5 Rxd5+ 41. cxd5 Ra1 42. Kc5 Kf7 43. Kc6 Rd1 44. d6 Ke6 45. Re2+ 1-0